[Event "ICC tourney 2284 (60 10)"]
[Site "Internet Chess Club"]
[Date "2021.01.10"]
[Round "6"]
[White "bubblegum22"]
[Black "K624"]
[Result "1-0"]
[ICCResult "Black checkmated"]
[WhiteElo "1300"]
[BlackElo "1378"]
[Opening "King's Indian, 3.Nf3"]
[ECO "E90"]
[NIC "KI.21"]
[Time "16:00:53"]
[PlyCount "87"]
[TimeControl "3600+10"]

1. d4 Nf6 2. Nf3 g6 3. c4 Bg7 4. Nc3 O-O 5. e4 d6 6. Bf4 Re8 7. Be2 Nc6 8.
O-O e5 9. dxe5 dxe5 10. Qxd8 Rxd8 11. Nxe5 Nxe5 12. Bxe5 c6 13. Rfd1 Re8
14. Bxf6 Bxf6 15. Bf3 Be6 16. Be2 Bg7 17. Rac1 f5 18. Bd3 fxe4 19. Nxe4
Bxb2 20. Rb1 Bg7 21. Rxb7 Red8 22. Rbb1 Bf5 23. Nc5 Bxd3 24. Nxd3 Rab8 25.
Nc5 Rxb1 26. Rxb1 Bd4 27. Ne6 Rd6 28. Nxd4 Rxd4 29. g3 Rxc4 30. Rb8+ Kg7
31. Rb7+ Kh6 32. Rxa7 Rc2 33. a4 c5 34. Rc7 c4 35. a5 c3 36. a6 Rc1+ 37.
Kg2 c2 38. a7 Rg1+ 39. Kxg1 c1=Q+ 40. Rxc1 g5 41. a8=Q Kh5 42. Qe8+ Kg4 43.
Rc4+ Kf3 44. Qe4# { Black checkmated } 1-0

[Event "ICC tourney 2284 (60 10)"]
[Site "Internet Chess Club"]
[Date "2021.01.10"]
[Round "6"]
[White "elMo17"]
[Black "greenme"]
[Result "1-0"]
[ICCResult "Black resigns"]
[WhiteElo "1786"]
[BlackElo "1519"]
[Opening "King's Indian: East Indian defense"]
[ECO "A48"]
[NIC "QP.06"]
[Time "16:00:40"]
[PlyCount "109"]
[TimeControl "3600+10"]

1. d4 Nf6 2. Nf3 g6 3. e3 Bg7 4. Be2 d6 5. O-O Nbd7 6. b3 O-O 7. Bb2 Re8 8.
c4 e5 9. dxe5 dxe5 10. Nxe5 Ne4 11. Nd3 Ndc5 12. Bxg7 Kxg7 13. Nxc5 Nxc5
14. Nc3 f6 15. Qxd8 Rxd8 16. Rfd1 Bf5 17. b4 Ne6 18. e4 Bxe4 19. Nxe4 Re8
20. Rd7+ Kh6 21. Nxf6 Rf8 22. Nxh7 Rf4 23. g3 Rf5 24. Bg4 Re5 25. Re7 Rh8
26. Rxe6 Rxe6 27. Bxe6 Rxh7 28. Re1 Re7 29. Kf1 c6 30. f4 Kg7 31. f5 Kf6
32. fxg6 Rxe6 33. Rxe6+ Kxe6 34. Ke2 Kf6 35. Ke3 Kxg6 36. Ke4 Kf6 37. h4 b6
38. g4 a6 39. c5 bxc5 40. bxc5 Ke6 41. g5 a5 42. h5 Kf7 43. Ke5 a4 44. g6+
Kg7 45. Kd6 a3 46. Kxc6 Kf6 47. Kb7 Ke7 48. c6 Kf6 49. c7 Kg7 50. c8=Q Kh6
51. g7 Kxg7 52. Qe6 Kh7 53. Kc7 Kh8 54. Qe7 Kg8 55. h6 { Black resigns }
1-0

[Event "ICC tourney 2284 (60 10)"]
[Site "Internet Chess Club"]
[Date "2021.01.10"]
[Round "6"]
[White "Blacknight101"]
[Black "MahchessICC"]
[Result "0-1"]
[ICCResult "White resigns"]
[WhiteElo "1703"]
[BlackElo "1351"]
[Opening "French: Winawer, advance variation"]
[ECO "C18"]
[NIC "FR.11"]
[Time "16:00:47"]
[PlyCount "52"]
[TimeControl "3600+10"]

1. d4 e6 2. e4 d5 3. Nc3 Bb4 4. e5 c5 5. a3 Bxc3+ 6. bxc3 Nc6 7. f4 cxd4 8.
cxd4 Nge7 9. Nf3 Qb6 10. Bd3 Bd7 11. Be3 h6 12. O-O O-O 13. Rb1 Qc7 14. c4
dxc4 15. Bxc4 Nd5 16. Bxd5 exd5 17. Qb3 b6 18. Qxd5 Be6 19. Qb5 Ne7 20.
Rbc1 Qd8 21. Bf2 Ng6 22. Bg3 Bd5 23. f5 Ne7 24. f6 Nf5 25. fxg7 Kxg7 26.
Qc4 Bxc4 { White resigns } 0-1

[Event "ICC tourney 2284 (60 10)"]
[Site "Internet Chess Club"]
[Date "2021.01.10"]
[Round "6"]
[White "Aqualime"]
[Black "SAHYMS-Subi"]
[Result "1-0"]
[ICCResult "Black checkmated"]
[WhiteElo "1458"]
[BlackElo "1156"]
[Opening "QGD: 3.Nc3"]
[ECO "D31"]
[NIC "QP.08"]
[Time "16:01:18"]
[PlyCount "57"]
[TimeControl "3600+10"]

1. d4 d5 2. c4 e6 3. Nc3 Bb4 4. Qa4+ Nc6 5. Nf3 Nf6 6. Bg5 h6 7. Bh4 O-O 8.
e3 a6 9. Bd3 Bd7 10. Qc2 Be7 11. a3 Na7 12. Bxf6 Bxf6 13. cxd5 exd5 14.
Nxd5 c6 15. Nxf6+ Qxf6 16. Ne5 Be6 17. O-O Qg5 18. Nf3 Qh5 19. Rac1 Rad8
20. Qd2 Rd5 21. e4 Rd7 22. Rc5 Qg6 23. Ne5 Qh5 24. Nxd7 Qg6 25. Nxf8 Kxf8
26. e5 Qg4 27. Qb4 Bd5 28. Rxd5+ Kg8 29. Rd8# { Black checkmated } 1-0

[Event "ICC tourney 2284 (60 10)"]
[Site "Internet Chess Club"]
[Date "2021.01.10"]
[Round "6"]
[White "raawad"]
[Black "avaosmond"]
[Result "1-0"]
[ICCResult "Black checkmated"]
[WhiteElo "1442"]
[BlackElo "1258"]
[Opening "QGD: exchange, positional line"]
[ECO "D35"]
[NIC "QO.16"]
[Time "16:01:04"]
[PlyCount "85"]
[TimeControl "3600+10"]

1. d4 d5 2. c4 e6 3. Nc3 Nf6 4. cxd5 exd5 5. Bg5 c5 6. e3 Nc6 7. Nf3 Bg4 8.
Be2 Qb6 9. dxc5 Bxc5 10. Bxf6 gxf6 11. Nxd5 Qa5+ 12. Qd2 Bb4 13. Nxb4 Nxb4
14. O-O Rd8 15. Qc3 Bxf3 16. Bxf3 Rd3 17. Qxf6 O-O 18. Bxb7 Rd2 19. Be4 Re8
20. Qf5 Qb6 21. Qxh7+ Kf8 22. Qh8+ Ke7 23. Qc3 Qd6 24. a3 Nd5 25. Qxd2 Kf8
26. Qxd5 Qe7 27. Bf3 Qh4 28. Qh5 Qf6 29. Qc5+ Kg8 30. Qxa7 Qxb2 31. Qd4 Qb5
32. a4 Qb8 33. a5 Kf8 34. a6 Re7 35. a7 Qe5 36. a8=Q+ Kg7 37. Qxe5+ Rxe5
38. Qb8 f6 39. Ra7+ Kg6 40. g4 f5 41. Qb6+ Kg5 42. Rg7+ Kh4 43. Qh6# {
Black checkmated } 1-0

[Event "ICC tourney 2284 (60 10)"]
[Site "Internet Chess Club"]
[Date "2021.01.10"]
[Round "6"]
[White "chessisthebest1"]
[Black "SkyAngel"]
[Result "0-1"]
[ICCResult "White resigns"]
[WhiteElo "1812"]
[BlackElo "2187"]
[Opening "Caro-Kann: Tartakower (Nimzovich) variation"]
[ECO "B15"]
[NIC "CK.06"]
[Time "16:00:42"]
[PlyCount "56"]
[TimeControl "3600+10"]

1. e4 c6 2. d4 d5 3. Nc3 dxe4 4. Nxe4 Nf6 5. Nxf6+ exf6 6. c3 Bd6 7. Bd3
O-O 8. Ne2 Re8 9. O-O Nd7 10. Qc2 Nf8 11. Ng3 Qc7 12. Bd2 Be6 13. Rfe1 b5
14. a4 a6 15. Be4 g6 16. Nf1 Nd7 17. g3 Nb6 18. axb5 axb5 19. b3 Rxa1 20.
Rxa1 Bxb3 21. Qxb3 Rxe4 22. Ne3 f5 23. f4 Qe7 24. Kf2 Nc4 25. Nxc4 Re2+ 26.
Kg1 Qe4 27. Ne3 Rxd2 28. Re1 Qf3 { White resigns } 0-1

[Event "ICC tourney 2284 (60 10)"]
[Site "Internet Chess Club"]
[Date "2021.01.10"]
[Round "6"]
[White "madscience08"]
[Black "saisneha"]
[Result "0-1"]
[ICCResult "White resigns"]
[WhiteElo "1604"]
[BlackElo "1927"]
[Opening "Ruy Lopez: closed, Pilnik variation"]
[ECO "C84"]
[NIC "RL.13"]
[Time "16:00:46"]
[PlyCount "62"]
[TimeControl "3600+10"]

1. e4 e5 2. Nf3 Nc6 3. Bb5 a6 4. Ba4 Nf6 5. O-O Be7 6. d3 b5 7. Bb3 d6 8.
c3 O-O 9. Re1 Bb7 10. Nbd2 Re8 11. Ng5 Rf8 12. Ngf3 Na5 13. Bc2 c5 14. b4
cxb4 15. cxb4 Nc6 16. a3 Rc8 17. Bb2 Nh5 18. d4 exd4 19. Nxd4 Nxd4 20. Bxd4
Nf4 21. Bb3 Bf6 22. Bxf6 Qxf6 23. Re3 Rfe8 24. Rb1 d5 25. g3 Nh3+ 26. Kg2
Qxf2+ 27. Kxh3 Qxe3 28. exd5 Rc3 29. d6 Re5 30. d7 Qh6+ 31. Kg4 Qh5+ {
White resigns } 0-1

[Event "ICC tourney 2284 (60 10)"]
[Site "Internet Chess Club"]
[Date "2021.01.10"]
[Round "6"]
[White "Jagaram"]
[Black "EChessPlayer"]
[Result "1/2-1/2"]
[ICCResult "White stalemated"]
[WhiteElo "1367"]
[BlackElo "1063"]
[Opening "Vienna gambit"]
[ECO "C29"]
[NIC "VG.04"]
[Time "16:00:44"]
[PlyCount "190"]
[TimeControl "3600+10"]

1. e4 e5 2. Nc3 Nf6 3. f4 Nc6 4. Nf3 d6 5. Bb5 Bg4 6. d3 a6 7. Bxc6+ bxc6
8. Be3 d5 9. exd5 exf4 10. Bxf4 cxd5 11. O-O Bb4 12. Qe2+ Be6 13. Bg5 O-O
14. Nd4 Bc5 15. Be3 Bg4 16. Qd2 Re8 17. Kh1 Qd6 18. Bf4 Qb6 19. Nb3 Qc6 20.
Na5 Qb6 21. Na4 Qb5 22. Nxc5 Qxc5 23. d4 Qa7 24. Qc3 Rac8 25. Rfe1 Ne4 26.
Nc6 Qb6 27. Rxe4 dxe4 28. Re1 Re6 29. d5 Ree8 30. Qa3 Qf2 31. Qe3 Qxc2 32.
Qc3 Qxc3 33. bxc3 Bd7 34. Nb4 a5 35. Na6 c6 36. Nc7 Rf8 37. dxc6 Bxc6 38.
Na6 Rcd8 39. Nc5 Rd2 40. Bxd2 f5 41. c4 Rf6 42. Bxa5 Rg6 43. Bc7 e3 44. Re2
Ba8 45. Bg3 Rb6 46. Rxe3 f4 47. Re8+ Kf7 48. Nd7 Rb2 49. Re1 Rxg2 50. Ne5+
Kf6 51. Ng4+ Kf7 52. Ne5+ Kg8 53. c5 Rxg3+ 54. c6 Rc3 55. h4 Bxc6+ 56. Nxc6
Rxc6 57. Kg2 Rc2+ 58. Kf3 Rxa2 59. Kxf4 Ra4+ 60. Kg3 Kf7 61. Rb1 Kg6 62.
Rb6+ Kh5 63. Rb5+ g5 64. Rxg5+ Kh6 65. Rf5 Ra3+ 66. Kg4 Ra4+ 67. Rf4 Rxf4+
68. Kxf4 Kh5 69. Kg3 h6 70. Kh3 Kg6 71. Kg4 h5+ 72. Kf4 Kf6 73. Ke4 Ke6 74.
Kd4 Kd6 75. Kc4 Ke5 76. Kd3 Kf4 77. Ke2 Kg4 78. Kf2 Kxh4 79. Kg2 Kg4 80.
Kh2 Kh4 81. Kg2 Kg4 82. Kh2 h4 83. Kg2 h3+ 84. Kh2 Kh4 85. Kh1 Kg4 86. Kh2
Kh4 87. Kh1 Kg3 88. Kg1 Kf3 89. Kh2 Kg4 90. Kh1 Kg3 91. Kg1 Kf3 92. Kh2 Kg4
93. Kh1 Kg3 94. Kg1 h2+ 95. Kh1 Kh3 { White stalemated } 1/2-1/2

[Event "ICC tourney 2284 (60 10)"]
[Site "Internet Chess Club"]
[Date "2021.01.10"]
[Round "6"]
[White "Blue-Elephant1"]
[Black "evilking"]
[Result "1-0"]
[ICCResult "Black checkmated"]
[WhiteElo "2120"]
[BlackElo "1784"]
[Opening "QGD: Charousek (Petrosian) variation"]
[ECO "D31"]
[NIC "QO.05"]
[Time "16:00:49"]
[PlyCount "121"]
[TimeControl "3600+10"]

1. d4 d5 2. c4 e6 3. Nc3 Be7 4. cxd5 exd5 5. Bf4 c6 6. e3 Bf5 7. g4 Bg6 8.
h4 Bxh4 9. Qb3 b6 10. Rxh4 Qxh4 11. Nxd5 cxd5 12. Qxd5 Nf6 13. Bb5+ Nfd7
14. Bxd7+ Nxd7 15. Qxa8+ Qd8 16. Qxd8+ Kxd8 17. Rc1 Ke7 18. Ne2 h5 19. gxh5
Rxh5 20. Kd2 Ra5 21. Nc3 Nf6 22. Be5 Ne8 23. Rh1 f6 24. Bf4 Bf7 25. b3 Rh5
26. Rg1 Rh7 27. Kd3 a6 28. Na4 b5 29. Nc5 a5 30. a4 bxa4 31. bxa4 Bd5 32.
e4 Bc6 33. d5 Bd7 34. Rb1 Rh3+ 35. Kd4 Nd6 36. Bxd6+ Kxd6 37. Rb6+ Ke7 38.
Rb7 Rf3 39. Rxd7+ Kf8 40. Ne6+ Ke8 41. Rxg7 Rxf2 42. d6 Rd2+ 43. Kc5 Rc2+
44. Kd5 Rd2+ 45. Nd4 f5 46. d7+ Kd8 47. Ke6 Rxd4 48. Rg8+ Kc7 49. Rc8+ Kb7
50. d8=Q Rxd8 51. Rxd8 fxe4 52. Kd6 e3 53. Re8 e2 54. Rxe2 Kb6 55. Rb2+ Ka6
56. Kc7 Ka7 57. Rb5 Ka6 58. Kd6 Ka7 59. Kc6 Ka6 60. Kc7 Ka7 61. Rxa5# {
Black checkmated } 1-0